 Dungeon Crawl Stone Soup version 0.25.1-2-g60ff931df9 (webtiles) character file.

Game seed: 12364009668978712921

68646 pokeman the Eclecticist (level 14, -13/78 HPs)
             Began as a Deep Elf Wizard on Nov 29, 2020.
             Was the Champion of Vehumet.
             Killed by divine providence
             ... invoked by Saint Roka
              (14 damage)
             ... on level 2 of the Orcish Mines.
             The game lasted 01:33:39 (29018 turns).

pokeman the Eclecticist (Deep Elf Wizard)          Turns: 29018, Time: 01:33:39

Health: -13/78     AC: 11    Str:  4    XL:     14   Next: 87%
Magic:  36/40      EV:  9    Int: 32    God:    Vehumet [******]
Gold:   3038       SH: 11    Dex: 17    Spells: 27/53 levels left

rFire    + . .     SeeInvis .   T - staff of fire
rCold    + . .     Gourm    .   h - +2 kite shield
rNeg     . . .     Faith    .   G - +0 acid dragon scales
rPois    +         Spirit   .   Q - +0 hat {Int+3}
rElec    .         Reflect  .   V - +1 cloak of the Shoals {rC+ Dex+4}
rCorr    +         Harm     .   v - +0 pair of gloves
MR       +....                  r - +0 pair of boots
Stlth    ++........             W - amulet of magic regeneration
HPRegen  0.23/turn              j - ring of wizardry
MPRegen  0.52/turn              n - ring of poison resistance

@: drained
A: no striking features
a: Renounce Religion


You were on level 2 of the Orcish Mines.
You worshipped Vehumet.
Vehumet was exalted by your worship.
You were very hungry.

You visited 4 branches of the dungeon, and saw 24 of its levels.
You visited 1 bazaar.
You also visited: Sewer and Ice Cave.

You collected 3759 gold pieces.
You spent 721 gold pieces at shops.

Inventory:

Hand Weapons
 e - a +2 demon whip of freezing
 q - a +2 broad axe of venom
 R - the +8 longbow "Zephyr" {speed, Dex+3 SInv}
   (You found it in an ice cave)

   Attacks with this weapon are significantly faster.
   It affects your dexterity (+3).
   It lets you see invisible.
Missiles
 L - 438 arrows
Armour
 h - a +2 kite shield (worn)
 o - a +1 leather armour of magic resistance
 r - a +0 pair of boots (worn)
 v - a +0 pair of gloves (worn)
 G - +0 acid dragon scales (worn)
 Q - a +0 hat of intelligence (worn)
 V - the +1 cloak of the Shoals (worn) {rC+ Dex+4}
   (You found it on level 11 of the Dungeon)

   It affects your dexterity (+4).
   It protects you from cold.
 Y - a scarf of resistance
Magical Staves
 T - an uncursed staff of fire (weapon)
Jewellery
 i - an uncursed ring of flight
 j - a ring of wizardry (left hand)
 m - the ring "Odetin" {*Corrode rF+ rN+ Stlth+}
   (You found it on level 5 of the Lair of Beasts)

   [ring of stealth]

   It protects you from fire.
   It protects you from negative energy.
   It may corrode you when you take damage.
   It makes you more stealthy.
 n - a ring of poison resistance (right hand)
 W - an amulet of magic regeneration (around neck)
Wands
 H - a wand of acid (6)
Scrolls
 c - 13 scrolls of remove curse
 g - a scroll of acquirement
 l - a scroll of summoning {unknown}
 p - 4 scrolls of teleportation
 x - 4 scrolls of identify
 C - 4 scrolls of blinking
 D - 4 scrolls of magic mapping
Potions
 a - 3 potions of magic
 b - 17 potions of curing
 k - a potion of haste
 B - 9 potions of heal wounds
Miscellaneous
 z - a lightning rod (4/4)
 K - a box of beasts
 U - a tin of tremorstones (3/3)
Comestibles
 d - 42 rations


   Skills:
 - Level 5.0(4.3) Fighting
 - Level 5.0(4.3) Armour
 - Level 3.0(2.3) Dodging
 - Level 3.1(2.5) Stealth
 + Level 6.7(6.0) Shields
 * Level 20.1(19.2) Spellcasting
 + Level 12.8(11.9) Conjurations
 - Level 1.1(0.5) Summonings
 - Level 1.1(0.5) Translocations
 + Level 12.4(11.5) Fire Magic
 + Level 4.3(3.6) Ice Magic
 - Level 1.1(0.5) Air Magic
 - Level 1.1(0.5) Earth Magic
 - Level 1.0(0.4) Poison Magic
 - Level 1.0(0.4) Evocations


You had 27 spell levels left.
You knew the following spells:

 Your Spells              Type           Power        Failure   Level  Hunger
a - Magic Dart            Conj           ####         1%          1    None
b - Mephitic Cloud        Conj/Pois/Air  ######..     1%          3    None
c - Call Imp              Summ           ####....     4%          2    None
d - Blink                 Tloc           N/A          4%          2    None
e - Conjure Flame         Conj/Fire      ########     1%          3    None
f - Foxfire               Conj/Fire      ####         1%          1    None
g - Fireball              Conj/Fire      ########..   1%          5    None
h - Stone Arrow           Conj/Erth      ######       1%          3    None
i - Freezing Cloud        Conj/Ice/Air   ######....   16%         6    None

Your spell library contained the following spells:

 Spells                   Type           Power        Failure   Level  Hunger
 Starburst                Conj/Fire      ########..   1%          6    None
 Freeze                   Ice            ####         1%          1    None
 Sandblast                Erth           ####..       1%          1    None
 Dazzling Flash           Conj/Hex       ######       1%          3    None
 Frozen Ramparts          Ice            ######       1%          3    None
 Inner Flame              Hex/Fire       #######.     1%          3    None
 Hailstorm                Conj/Ice       ######..     1%          4    None
 Sticky Flame             Conj/Fire      ########     1%          4    None
 Summon Small Mammal      Summ           ####         2%          1    None
 Ensorcelled Hibernation  Hex/Ice        #####.       2%          2    None
 Beastly Appendage        Tmut           ####..       3%          1    None
 Corona                   Hex            ####...      3%          1    None
 Pain                     Necr           ####         3%          1    None
 Passwall                 Tmut/Erth      ####....     4%          2    None
 Ozocubu's Armour         Chrm/Ice       #####...     4%          3    None
 Slow                     Hex            ####....     5%          2    None
 Sticks to Snakes         Tmut           ####....     5%          2    None
 Call Canine Familiar     Summ           ####....     9%          3    None
 Gell's Gravitas          Tloc           ####......   9%          3    None
 Spider Form              Tmut/Pois      ####......   10%         3    None
 Summon Guardian Golem    Hex/Summ       ####....     10%         3    None
 Confusing Touch          Hex            ####....     11%         3    None
 Tukima's Dance           Hex            ####....     11%         3    None
 Ice Form                 Ice/Tmut       #####...     16%         4    None
 Summon Ice Beast         Ice/Summ       #####...     16%         4    None
 Lee's Rapid Deconstruct  Erth           ####......   21%         5    None
 Yara's Violent Unravell  Hex/Tmut       ####......   24%         5    None
 Summon Lightning Spire   Summ/Air       ####....     26%         4    None
 Ozocubu's Refrigeration  Ice            ######....   28%         6    None
 Petrify                  Tmut/Erth      ####....     30%         4    None
 Metabolic Englaciation   Hex/Ice        #####.....   41%         5    None
 Blade Hands              Tmut           ####......   65%         5    None


Dungeon Overview and Level Annotations

Branches:
Dungeon (15/15)            Temple (1/1) D:5            Lair (6/6) D:11
 Shoals (0/4) Lair:2        Snake (0/4) Lair:3        Slime (0/5) Lair:5
    Orc (2/2) D:11            Elf (0/3) Orc:2        Vaults (0/5) D:14
 Depths (0/5) D:15          Sewer (visited)           IceCv (visited)

Altars:
Ashenzari
Cheibriados
Dithmenos
Elyvilon
Fedhas
Gozag
Hepliaklqana
Kikubaaqudgha
Makhleb
Nemelex Xobeh
Okawaru
Qazlal
Ru
Sif Muna
Trog
Uskayaw
Vehumet
Wu Jian
Xom
Yredelemnul
Zin
The Shining One
Jiyva

Shops:
D:6 }(!   D:9 ?   D:13 *}:}

Annotations:
D:15 Roxanne
Lair:5 1 runed translucent door
Orc:2 Saint Roka


Message History

Press: ? - help, Dir - move target cursor You hear a shout!
The troll is engulfed in freezing vapours.
Saint Roka mumbles some strange prayers to Beogh against you.
Beogh smites you!
The orc sorcerer is engulfed in freezing vapours.
The orc sorcerer casts a spell at you.
You hear a sizzling sound!
Unknown command.
Unknown command.
The troll is engulfed in freezing vapours.
Saint Roka shoots a bolt.
The bolt hits you!!
The orc sorcerer is engulfed in freezing vapours.
The orc sorcerer points at you and mumbles some strange words.
The bolt of negative energy hits you!!
You feel drained.
* * * LOW HITPOINT WARNING * * *
The troll is engulfed in freezing vapours.
Saint Roka invokes the aid of Beogh against you.
Beogh smites you!
You die...

##....# ..
#<...######..
.###......[8.... .
...#......[[...h .
..$.....§§oo...o
...
.......#§.o).o..
...
......##§§.8....
... ......#.T###
... ........@.#
... ..........#
... ......##..##
... ...........#
... ............#
... ........#....#
.................#
................##
.................#


You could see Saint Roka, a troll, an orc sorcerer (strong) and an orc (strong).

Vanquished Creatures
  Harold (D:7)
  2 yaktaur captains
  9 hydras
  4 centaur warriors
  The ghost of Snicker the Frost Mage, a journeyman MfIE (Lair:1)
  A catoblepas (D:11)
  3 two-headed ogres
  Urug (D:13)
  2 unseen horrors
  A lindwurm (shapeshifter) (D:13)
  Pikel (D:7)
  5 oklob plants
  2 deep elf magi (D:14)
  3 harpies (D:15)
  2 orc knights (Orc:2)
  An orc sorcerer (Orc:2)
  11 ugly things
  3 cyclopes
  A manticore (D:15)
  A merfolk siren (Lair:2)
  2 ice statues (IceCv)
  3 black mambas
  12 spiny frogs
  2 gargoyles
  A spiny frog (shapeshifter) (D:14)
  A torpor snail (Lair:5)
  5 komodo dragons
  3 rime drakes (Lair:4)
  2 redback zombies (D:14)
  2 yaktaurs
  A freezing wraith (D:14)
  A troll (shapeshifter) (D:14)
  7 trolls
  A polar bear (Lair:3)
  10 hippogriffs
  Prince Ribbit (D:8)
  3 hornets
  3 slime creatures (D:13)
  7 blink frogs
  A redback (shapeshifter) (D:15)
  Sigmund (D:6)
  A centaur simulacrum (D:15)
  A spriggan (D:8)
  A yak (shapeshifter) (D:15)
  A vampire (D:12)
  3 wraiths
  A wyvern (D:9)
  36 yaks
  3 hungry ghosts
  5 shadows
  8 vampire mosquitoes
  A basilisk (Lair:2)
  A redback simulacrum (D:15)
  4 wargs
  Menkaure (D:7)
  4 soldier ants
  An acid dragon (D:15)
  9 water moccasins
  13 porcupines
  4 slaves (D:7)
  3 sky beasts
  A hornet zombie (D:15)
  9 ice beasts
  19 orc warriors
  2 necrophages
  An eye of draining (D:13)
  3 phantoms
  18 centaurs
  10 ogres
  3 wolves (Lair:5)
  10 crocodiles
  5 big kobolds
  Blork the orc (D:6)
  26 bullfrogs
  3 gnoll sergeants (D:11)
  A wyvern zombie (D:14)
  2 wyvern skeletons (D:13)
  2 scorpions
  12 killer bees
  4 wights (D:11)
  5 howler monkeys
  15 crimson imps
  6 bullfrog zombies
  A wyvern simulacrum (D:14)
  A lava snake (D:9)
  A quasit (D:11)
  5 hounds
  3 jellies
  14 orc priests
  25 orc wizards
  2 bullfrog skeletons
  A centaur skeleton (D:10)
  Jessica (D:7)
  Terence (D:2)
  6 iguanas
  12 worker ants
  2 hound skeletons
  A worker ant zombie (D:6)
  2 howler monkey zombies
  14 adders
  8 gnolls
  A howler monkey skeleton (D:5)
  4 river rats (Sewer)
  12 shadow imps
  2 oozes
  3 adder zombies
  4 adder skeletons
  2 worms (D:2)
  4 dart slugs
  7 leopard geckos
  61 orcs
  5 ball pythons
  10 bats
  6 giant cockroaches
  5 goblins
  4 hobgoblins
  10 jackals
  3 quokkas
  11 frilled lizards
  A jackal skeleton (D:8)
  19 kobolds
  A leopard gecko skeleton (D:5)
  A leopard gecko zombie (D:5)
  13 rats
  2 fungi
  5 plants
679 creatures vanquished.

Vanquished Creatures (collateral kills)
  A scorpion (D:4)
  An orc (D:4)
2 creatures vanquished.

Vanquished Creatures (others)
  An unseen horror (D:13)
  431 foxfires
  3 fungi
  3 plants
438 creatures vanquished.

Grand Total: 1119 creatures vanquished

Notes
Turn   | Place    | Note
-------+----------+-------------------------------------------
     0 | D:1      | pokeman the Deep Elf Wizard began the quest for the Orb.
     0 | D:1      | Reached XP level 1. HP: 10/10 MP: 7/7
   393 | D:1      | Reached XP level 2. HP: 16/16 MP: 5/9
   982 | D:2      | Reached skill level 5 in Spellcasting
   982 | D:2      | Reached XP level 3. HP: 20/20 MP: 4/11
   987 | D:2      | Learned a level 3 spell: Mephitic Cloud
   990 | D:2      | Learned a level 2 spell: Call Imp
   993 | D:2      | Learned a level 2 spell: Blink
   997 | D:2      | Learned a level 3 spell: Conjure Flame
  1051 | D:2      | Noticed Terence
  1241 | D:2      | Reached skill level 1 in Armour
  1316 | D:2      | Reached skill level 1 in Fighting
  1333 | D:2      | Killed Terence
  1333 | D:2      | Reached XP level 4. HP: 23/25 MP: 5/13
  2119 | D:2      | Reached XP level 5. HP: 21/29 MP: 6/15
  2345 | D:2      | Reached skill level 6 in Spellcasting
  2490 | D:3      | Found a shimmering altar of Xom.
  2535 | D:3      | Reached skill level 1 in Fire Magic
  2776 | D:3      | Found a glowing drain.
  2788 | Sewer    | Entered a sewer
  2817 | Sewer    | Reached skill level 1 in Air Magic
  3168 | Sewer    | Reached XP level 6. HP: 31/34 MP: 9/17
  3539 | D:3      | Found a white marble altar of Elyvilon.
  3632 | D:3      | Reached skill level 1 in Poison Magic
  3836 | D:3      | Reached skill level 7 in Spellcasting
  4344 | D:4      | Reached skill level 1 in Shields
  4344 | D:4      | Reached XP level 7. HP: 38/38 MP: 5/20
  5107 | D:5      | Entered Level 5 of the Dungeon
  5132 | D:5      | Reached skill level 8 in Spellcasting
  5552 | D:5      | Found a staircase to the Ecumenical Temple.
  5556 | Temple   | Entered the Ecumenical Temple
  5711 | Temple   | Became a worshipper of Vehumet
  5754 | D:5      | Learned a level 1 spell: Foxfire
  5760 | D:5      | Learned a level 5 spell: Fireball
  6238 | D:5      | Found a stormy altar of Qazlal.
  6724 | D:5      | Noticed a two-headed ogre
  6741 | D:5      | Killed a two-headed ogre
  6741 | D:5      | Reached skill level 10 in Spellcasting
  6741 | D:5      | Reached skill level 5 in Conjurations
  6741 | D:5      | Reached XP level 8. HP: 43/43 MP: 8/24
  6959 | D:6      | Noticed Blork the orc
  6963 | D:6      | Noticed Sigmund
  6976 | D:6      | Killed Blork the orc
  6983 | D:6      | Killed Sigmund
  7110 | D:6      | Found Plog's Antique Weapon Emporium.
  7113 | D:6      | Bought a runed arbalest for 217 gold pieces
  7165 | D:6      | Reached XP level 9. HP: 35/47 MP: 18/25
  7167 | D:6      | Reached * piety under Vehumet
  7167 | D:6      | Offered knowledge of Sandblast by Vehumet.
  7719 | D:6      | Found Uxaumeamm's Gadget Shoppe.
  8073 | D:6      | Found a basalt altar of Yredelemnul.
  8170 | D:6      | Found Biclel's Distillery.
  8173 | D:6      | Bought a potion of degeneration for 15 gold pieces
  8173 | D:6      | Bought a potion of curing for 45 gold pieces
  8451 | D:7      | Reached skill level 11 in Spellcasting
  8453 | D:7      | Reached skill level 5 in Fire Magic
  8580 | D:7      | Noticed Pikel
  8778 | D:7      | Found an ornate altar of the Wu Jian Council.
  8894 | D:7      | Noticed Harold
  8920 | D:7      | Killed Harold
  8926 | D:7      | Killed Pikel
  8926 | D:7      | Reached skill level 12 in Spellcasting
  9115 | D:7      | Found a shattered altar of Ashenzari.
  9120 | D:7      | Noticed Jessica
  9124 | D:7      | Killed Jessica
  9221 | D:7      | Found a sparkling altar of Nemelex Xobeh.
  9266 | D:7      | Found a shadowy altar of Dithmenos.
  9324 | D:7      | Reached XP level 10. HP: 46/53 MP: 14/28
  9453 | D:7      | Noticed Menkaure
  9460 | D:7      | Killed Menkaure
 10092 | D:8      | Offered knowledge of Freeze by Vehumet.
 10096 | D:8      | Reached ** piety under Vehumet
 10134 | D:8      | Noticed a two-headed ogre
 10148 | D:8      | Killed a two-headed ogre
 10154 | D:8      | Reached skill level 13 in Spellcasting
 10369 | D:8      | Noticed Prince Ribbit
 10394 | D:8      | Killed Prince Ribbit
 10451 | D:8      | You fall into a shaft and drop 3 floors!
 10472 | D:10     | Entered Level 10 of the Dungeon
 10508 | D:9      | Found a snail-covered altar of Cheibriados.
 10592 | D:9      | Learned a level 3 spell: Stone Arrow
 10656 | D:9      | Offered knowledge of Searing Ray by Vehumet.
 10984 | D:9      | Reached skill level 1 in Earth Magic
 10984 | D:9      | Reached skill level 1 in Evocations
 11114 | D:9      | Noticed a two-headed ogre
 11138 | D:9      | Killed a two-headed ogre
 11232 | D:9      | Found Jexumeoq's Magic Scroll Shoppe.
 11240 | D:9      | Bought a scroll of magic mapping for 45 gold pieces
 11240 | D:9      | Bought a scroll of teleportation for 39 gold pieces
 11264 | D:9      | Noticed a seven-headed hydra
 11276 | D:9      | Killed a seven-headed hydra
 11276 | D:9      | Reached skill level 14 in Spellcasting
 11276 | D:9      | Reached XP level 11. HP: 40/60 MP: 10/31
 11989 | D:8      | Found a hazy altar of Hepliaklqana.
 12998 | D:10     | Found a shimmering blue altar of Sif Muna.
 13008 | D:10     | Reached *** piety under Vehumet
 13011 | D:10     | Identified Sif Muna's Compendium of Necromancy
 13320 | D:6      | Bought 2 potions of heal wounds for 150 gold pieces
 13687 | D:11     | Offered knowledge of Airstrike by Vehumet.
 14226 | D:11     | Found a staircase to the Orcish Mines.
 14247 | D:11     | Reached **** piety under Vehumet
 14261 | D:11     | Reached skill level 15 in Spellcasting
 14267 | D:11     | Offered knowledge of Ignite Poison by Vehumet.
 14332 | D:11     | Got a brightly glowing cloak
 14343 | D:11     | Identified the +1 cloak of the Shoals {rC+ Dex+4} (You
                  | found it on level 11 of the Dungeon)
 14401 | D:11     | Found a staircase to the Lair.
 14515 | D:11     | Noticed a cyan ugly thing
 14521 | D:11     | Killed a cyan ugly thing
 14680 | D:11     | Noticed a white ugly thing
 14686 | D:11     | Killed a white ugly thing
 14686 | D:11     | Noticed a catoblepas
 14693 | D:11     | Killed a catoblepas
 15563 | D:12     | Noticed a centaur warrior
 15624 | D:12     | Found a flickering gateway to a bazaar.
 15636 | Bazaar   | Entered a bazaar
 15769 | Bazaar   | Found Jein's Magic Scroll Emporium.
 15784 | Bazaar   | Found Gocraijo's Antique Armour Emporium.
 15799 | Bazaar   | Found Joboc's Distillery.
 15799 | Bazaar   | Found Kodeesta's Food Shoppe.
 15820 | Bazaar   | Found Nieriho's Distillery.
 15894 | Bazaar   | Bought 3 scrolls of identify for 90 gold pieces
 15894 | Bazaar   | Bought 2 scrolls of identify for 60 gold pieces
 15894 | Bazaar   | Bought a scroll of identify for 30 gold pieces
 15894 | Bazaar   | Bought a scroll of identify for 30 gold pieces
 15967 | D:12     | Reached XP level 12. HP: 50/66 MP: 33/33
 15980 | D:12     | Reached ***** piety under Vehumet
 15997 | D:12     | Offered knowledge of Lightning Bolt by Vehumet.
 16128 | D:12     | Noticed a seven-headed hydra
 16131 | D:12     | Killed a seven-headed hydra
 16131 | D:12     | Reached skill level 16 in Spellcasting
 16131 | D:12     | Reached skill level 10 in Conjurations
 16301 | D:12     | Killed a centaur warrior
 16990 | D:12     | Found a hide-covered altar of Uskayaw.
 17395 | D:13     | Found Xoush's Assorted Antiques.
 17395 | D:13     | Found Eczas's Gadget Shop.
 17402 | D:13     | Noticed Urug
 17412 | D:13     | Killed Urug
 17556 | D:13     | Reached skill level 10 in Fire Magic
 17575 | D:13     | Reached skill level 5 in Armour
 17723 | D:13     | Found Xech's Book Emporium.
 17739 | D:13     | Reached skill level 17 in Spellcasting
 17750 | D:13     | You fall into a shaft and drop 2 floors!
 17750 | D:15     | Entered Level 15 of the Dungeon
 17777 | D:15     | Noticed a centaur warrior
 17788 | D:15     | Killed a centaur warrior
 17795 | D:15     | Noticed an eight-headed hydra
 17802 | D:15     | Identified Roxanne's Almanac of Transmigration
 17802 | D:15     | Noticed Roxanne
 18589 | D:14     | Noticed a centaur warrior
 18595 | D:14     | Killed a centaur warrior
 18601 | D:14     | Reached XP level 13. HP: 38/72 MP: 14/36
 19018 | D:13     | Found Teuwnaji's Gadget Boutique.
 19732 | D:14     | Got an encrusted ring mail
 20003 | D:13     | Identified the +5 ring mail of the Lion {rPois rN++ Str-5
                  | SInv} (You found it on level 14 of the Dungeon)
 20003 | D:13     | Lost strength.
 20077 | D:14     | Reached skill level 5 in Fighting
 20260 | D:14     | Reached skill level 18 in Spellcasting
 20503 | D:14     | Found a gate to the Vaults.
 20512 | D:14     | Offered knowledge of Hailstorm by Vehumet.
 21155 | D:15     | Reached skill level 5 in Shields
 21199 | D:15     | Found a staircase to the Depths.
 21755 | Lair:1   | Entered Level 1 of the Lair of Beasts
 22010 | Lair:1   | Identified Jysuov's Catalogue of Burning Cold
 22175 | Lair:1   | Found a large runed translucent door.
 22176 | Lair:1   | Found a large runed translucent door.
 22176 | Lair:1   | Noticed Snicker's ghost (journeyman MfIE)
 22746 | Lair:1   | Killed Snicker's ghost
 23009 | Lair:2   | Reached skill level 19 in Spellcasting
 23434 | Lair:2   | Found a staircase to the Shoals.
 23438 | Lair:2   | Reached XP level 14. HP: 78/78 MP: 29/39
 24054 | Lair:3   | Found a staircase to the Snake Pit.
 24131 | Lair:3   | Offered knowledge of Freezing Cloud by Vehumet.
 24142 | Lair:3   | Learned a level 6 spell: Freezing Cloud
 24850 | Lair:4   | Reached skill level 1 in Ice Magic
 24900 | Lair:4   | Found a frozen archway.
 24953 | IceCv    | Entered an ice cave
 24992 | IceCv    | Found a transporter.
 25092 | IceCv    | Found the +8 longbow "Zephyr" {speed, Dex+3 SInv}
 25111 | IceCv    | Found a transporter.
 26128 | Lair:5   | Identified a scroll of acquirement
 26130 | Lair:5   | Acquired 1790 gold pieces
 27113 | Lair:5   | Found an ornate altar of the Wu Jian Council.
 27265 | Lair:5   | Found a runed translucent door.
 27267 | Lair:5   | Found a viscous altar of Jiyva.
 27268 | Lair:5   | Found a staircase to the Slime Pits.
 27398 | Lair:5   | You fall into a shaft and drop 1 floor!
 27398 | Lair:6   | Entered Level 6 of the Lair of Beasts
 27660 | Lair:5   | Got a brightly glowing golden ring
 27666 | Lair:5   | Identified the ring "Odetin" {*Corrode rF+ rN+ Stlth+} (You
                  | found it on level 5 of the Lair of Beasts)
 27860 | Lair:6   | Reached skill level 20 in Spellcasting
 27860 | Lair:6   | Noticed an entropy weaver
 27860 | Lair:6   | Noticed an entropy weaver
 28071 | Orc:1    | Entered Level 1 of the Orcish Mines
 28247 | Orc:2    | Entered Level 2 of the Orcish Mines
 28337 | Orc:2    | Found a staircase to the Elven Halls.
 28424 | Orc:2    | Noticed Saint Roka
 28838 | Orc:2    | Reached ****** piety under Vehumet
 28841 | Orc:2    | Offered knowledge of Starburst by Vehumet.
 29017 | Orc:2    | HP: 1/78 [orc sorcerer/bolt of negative energy (35)]
 29018 | Orc:2    | Killed from afar by Saint Roka

Illustrated notes

Levels and vault maps discovered:
D:1:      heliophobic_arrival_battle_scene, layout_basic,
          hangedman_abyss_or_decor_lesser_grid
D:2:      layout_loops_ring, uniq_terence
D:3:      layout_loops_ring, elyvilon_altar_3, led_xom_imps,
          portal_sewer_entry_d
D:4:      minmay_opposing_rooms, layout_basic, first_ration
D:5:      layout_loops_corners, nicolae_qazlal_eye_of_the_storm,
          minmay_temple_entry_drinking_statues
D:6:      layout_basic, marbit_many_paths, serial_shops, shop_coins,
          kennysheep_mini_moat, nicolae_shop_behind_doors, uniq_blork_the_orc,
          uniq_sigmund
D:7:      layout_loops_cross, cheibrodos_ashenzari_chains,
          nicolae_overflow_crystal_walls, lemuel_round_altar,
          nemelex_lonely_heart_becter, uniq_menkaure, uniq_pikel, uniq_harold
D:8:      layout_basic, lemuel_doored_altar, the_bakery, st_stairs_11,
          uniq_prince_ribbit1
D:9:      minmay_the_grid_square_5x5_3x3 [minmay_the_grid_square_5x5_eight,
          minmay_the_grid_square_5x5_fat_x,
          minmay_the_grid_square_5x5_half_checkered,
          minmay_the_grid_square_5x5_empty,
          minmay_the_grid_square_5x5_megaprize_hollow,
          minmay_the_grid_square_5x5_bite,
          minmay_the_grid_square_5x5_two_walls_b,
          minmay_the_grid_square_5x5_mess, minmay_the_grid_square_5x5_inner_z],
          layout_grid_maze, kennysheep_little_box, serial_shops,
          nicolae_shop_stone, kennysheep_potato
D:10:     layout_basic, led_sif_book
D:11:     layout_grid_maze, grunt_lair_entry_orc_guard_hut,
          kennysheep_orc_monster_closet_entryway,
          minmay_fractal_squares_diagonal_5
D:12:     layout_cave_pools, serial_shops, bzr_entry_safe, basic_altar
D:13:     layout_rooms, serial_shops, shop, nicolae_shop_behind_doors,
          nicolae_shop_trees, shop, uniq_urug
D:14:     layout_loops_ring, david_vaults_2, chequers_serial_rivers_micro_e
D:15:     grunt_enter_depths_snipers, layout_loops_cross, uniq_roxanne
Temple:   nicolae_temple_figure_eight
Lair:1:   layout_cave_pods, ebering_ghost_disaster_area,
          minmay_lair_oklob_chamber, serial_bayou_shore_a
Lair:2:   layout_layer_cave, minmay_shoals_entry_lonely_mermaid,
          grunt_megastairs_4
Lair:3:   layout_big_grid, dummy_snake_entry, serial_bayou_lagoon_a
Lair:4:   cheibrodos_lair_river_kwai, layout_big_grid, portal_ice_cave_rime
Lair:5:   dpeg_oklob_gauntlet, layout_cellular_growth, slime_altar_2,
          basic_altar
Lair:6:   hangedman_lair_caniforms_friends, layout_gridlike,
          guppyfry_lair_end_dragon, minmay_another_anthill, grunt_megastairs_5
Orc:1:    layout_caves
Orc:2:    grunt_orc_cross, layout_caves

Skill      XL: |  1  2  3  4  5  6  7  8  9 10 11 12 13 14 |
---------------+-------------------------------------------+-----
Spellcasting   | 5 6 7 10 12 14 15 17 19 20 | 20.1
Armour         | 1 3 5 |  5.0
Fighting       | 1 2 3 4 5 |  5.0
Conjurations   | 2 3 5 7 8 9 10 12 | 12.8
Dodging        | 3 |  3.0
Fire Magic     | 1 4 6 7 9 10 11 12 | 12.4
Air Magic      | 1 |  1.1
Poison Magic   | 1 |  1.0
Stealth        | 3 |  3.1
Shields        | 1 3 4 5 6 |  6.7
Earth Magic    | 1 |  1.1
Evocations     | 1 |  1.0
Ice Magic      | 4 |  4.3
Summonings     | |  1.1
Translocations | |  1.1

Action                   |  1- 3 |  4- 6 |  7- 9 | 10-12 | 13-15 || total
-------------------------+-------+-------+-------+-------+-------++-------
Melee: Unarmed           |     3 |       |       |       |       ||     3
       Dagger            |       |    25 |    97 |   202 |       ||   324
       Broad axe         |       |       |       |    20 |    34 ||    54
 Cast: Magic Dart        |    56 |   171 |   164 |    20 |       ||   411
       Conjure Flame     |     1 |     3 |    14 |    21 |     3 ||    42
       Mephitic Cloud    |     1 |     3 |    23 |    37 |    10 ||    74
       Call Imp          |       |     2 |     2 |       |     3 ||     7
       Foxfire           |       |       |    51 |   185 |    15 ||   251
       Fireball          |       |       |     1 |   108 |   306 ||   415
       Blink             |       |       |     1 |     2 |     3 ||     6
       Stone Arrow       |       |       |       |    40 |    11 ||    51
       Freezing Cloud    |       |       |       |       |     1 ||     1
Evoke: Wand              |       |       |       |       |     2 ||     2
  Use: Scroll            |       |       |     1 |    23 |     4 ||    28
 Stab: Confused          |       |     1 |     7 |    17 |     2 ||    27
       Paralysed         |       |       |     1 |       |       ||     1
       Sleeping          |       |       |       |     1 |       ||     1
  Eat: Chunk             |     1 |     9 |     8 |    23 |    27 ||    68
       Ration            |       |       |     2 |     2 |     1 ||     5
Armor: Leather armour    |     3 |    22 |    21 |    63 |     4 ||   113
       Acid dragon scale |       |       |       |       |    23 ||    23
Dodge: Dodged            |     9 |    50 |    63 |   144 |    32 ||   298
Block: Buckler           |       |       |    25 |    97 |     5 ||   127
       Kite shield       |       |       |       |       |    40 ||    40
